 Dungeon Crawl Stone Soup version 0.29.1 (webtiles) character file.

Game seed: 2736216837889298126

2801 raistware the Thaumaturge (level 9, -10/54 HPs)
             Began as an Octopode Conjurer on Sept 12, 2022.
             Killed from afar by a ynoxinul (43 damage)
             ... with an iron shot
             ... on level 8 of the Dungeon.
             The game lasted 00:15:15 (9965 turns).

raistware the Thaumaturge (Octopode Conjurer)       Turns: 9965, Time: 00:15:16

Health: -10/54     AC:  1    Str:  6    XL:     9   Next: 71%
Magic:  2/21       EV: 13    Int: 25    God:
Gold:   465        SH:  0    Dex: 10    Spells: 20/25 levels left

rFire   + + .      SeeInvis +   c - staff of fire
rCold   + . .      Faith    .   (no shield)
rNeg    . . .      Spirit   .   (helmet restricted)
rPois   .          Reflect  .   (no amulet)
rElec   .          Harm     .   q - ring of protection from cold
rCorr   .          Rampage  .   s - ring of see invisible
Will    .....                   D - ring of protection from fire
Stlth   +++.......              (no ring)
HPRegen 0.18/turn               (no ring)
MPRegen 0.17/turn               (no ring)
                                (no ring)
                                (no ring)

@: no status effects
A: almost no armour, amphibious, 8 rings, camouflage 1, gelatinous body 1,
(nimble swimmer 1), tentacles
a: no special abilities


You were on level 8 of the Dungeon.
You visited 2 branches of the dungeon, and saw 9 of its levels.

You collected 465 gold pieces.

Inventory:

Missiles
 H - 2 javelins
 J - 4 poisoned darts
Magical Staves
 c - a staff of fire (weapon)
 l - a staff of cold
Jewellery
 q - a ring of protection from cold (left tentacle)
 s - a ring of see invisible (right tentacle)
 D - a ring of protection from fire (on tentacle)
Wands
 x - a wand of digging (7)
 C - a wand of paralysis (4)
 E - a wand of mindburst (22)
 G - a wand of flame (22)
 I - a wand of quicksilver (3)
Scrolls
 e - 4 scrolls of identify {unknown}
 g - 5 scrolls of teleportation {unknown}
 i - a scroll of acquirement {unknown}
 j - 2 scrolls of immolation {unknown}
 k - 2 scrolls of enchant weapon {unknown}
 n - a scroll of blinking {unknown}
 o - 2 scrolls of fog {unknown}
 p - 3 scrolls of noise {unknown}
 r - a scroll of brand weapon {unknown}
 t - 2 scrolls of fear {unknown}
 y - a scroll of enchant armour {unknown}
 A - a scroll of vulnerability {unknown}
Potions
 a - a potion of magic
 b - a potion of attraction
 d - a potion of might {unknown}
 f - 2 potions of haste
 h - 4 potions of flight
 m - a potion of curing {unknown}
 u - 2 potions of heal wounds
 v - a potion of invisibility {unknown}
 w - 3 potions of brilliance {unknown}
 z - a potion of lignification {unknown}
 B - a potion of mutation {unknown}
 F - 2 potions of ambrosia {unknown}


   Skills:
 - Level 2.0 Fighting
 - Level 2.0 Staves
 - Level 3.0 Dodging
 - Level 3.0 Stealth
 + Level 8.8 Spellcasting
 - Level 8.0 Conjurations
 - Level 2.0 Translocations
 - Level 2.0 Fire Magic
 - Level 2.0 Ice Magic
 - Level 2.0 Evocations


You had 20 spell levels left.
You knew the following spells:

 Your Spells              Type           Power      Damage    Failure   Level
a - Magic Dart            Conj           100%       1d8       1%          1
b - Iskenderun's Mystic   Conj/Tloc      36%        2d9       7%          4

Your spell library contained the following spells:

 Spells                   Type           Power      Damage    Failure   Level
 Searing Ray              Conj           100%       2d8       1%          2
 Freeze                   Ice            84%        1d10      2%          1
 Dazzling Flash           Conj/Hex       62%        N/A       3%          3
 Beastly Appendage        Tmut           22%        N/A       5%          1
 Hailstorm                Conj/Ice       36%        3d9       7%          4
 Frozen Ramparts          Ice            42%        1d7       8%          3
 Wereblood                Tmut           11%        N/A       9%          2
 Fulminant Prism          Conj/Hex       15%        3d11      11%         4
 Confusing Touch          Hex            11%        N/A       17%         3
 Spider Form              Tmut/Pois      11%        N/A       17%         3
 Animate Dead             Necr           11%        N/A       50%         4
 Yara's Violent Unravell  Hex/Tmut       5%         3d4       83%         5
 Enfeeble                 Hex            5%         N/A       100%        7
 Haunt                    Necr/Summ      5%         N/A       100%        7
 Infestation              Necr           5%         N/A       100%        8


Dungeon Overview and Level Annotations

Branches:
Dungeon (8/15)             Temple (1/1) D:7
   Lair: D:8-11

Altars:
Cheibriados
Dithmenos
Elyvilon
Fedhas
Hepliaklqana
Kikubaaqudgha
Makhleb
Nemelex Xobeh
Okawaru
Qazlal
Trog
Xom
Yredelemnul
Zin
The Shining One

Shops:
D:4 =


Innate Abilities, Weirdness & Mutations

You cannot wear most types of armour.
You are amphibious.
You can wear up to eight rings at the same time.
Your skin changes colour to match your surroundings (Stealth+).
Your rubbery body absorbs attacks. (AC +1, EV +1)
((You are camouflaged when in or above water. (Stealth+)))
You have tentacles for arms and can constrict up to eight enemies at once.


Message History

You kill the orc wizard!
The ufetubus shouts!
The ynoxinul gestures.
The ufetubus attacks as you move away! The ufetubus closely misses you.
The ufetubus misses you.
You hit the ufetubus. You grab the ufetubus.
The ufetubus is moderately wounded.
You constrict the ufetubus. The ufetubus barely misses you.
The ufetubus hits you. x2; The ufetubus barely misses you.
You hit the ufetubus but do no damage.
The ufetubus is heavily wounded.
You constrict the ufetubus. The ufetubus barely misses you.
The ufetubus closely misses you. x2; The ufetubus hits you.
You hit the ufetubus.
You kill the ufetubus!
The ufetubus disappears in a puff of smoke!
The ufetubus misses you. The ufetubus barely misses you.
You hit the ufetubus. Your grab misses the ufetubus. You squeeze the ufetubus.
You kill the ufetubus!
The ufetubus disappears in a puff of smoke!
The ynoxinul gestures.
Items here: $ ( )).
Casting: Iskenderun's Mystic Blast (dangerous; 7% risk of failure)
Confirm with . or Enter, or press ? or * to list all spells.
You erupt in a blast of force!
The mystic blast hits the ufetubus!
You kill the ufetubus!
The ufetubus disappears in a puff of smoke!
The mystic blast hits the ynoxinul!
The ynoxinul is severely wounded.
The ynoxinul is knocked back by the mystic blast.
The mystic blast hits the ufetubus!
You kill the ufetubus!
The ufetubus disappears in a puff of smoke!
The mystic blast hits the ufetubus!
You kill the ufetubus!
The ufetubus disappears in a puff of smoke!
The ynoxinul gestures at you. The iron shot hits you!!!
Ouch! That really hurt!
You die...

#.#[..# #.#...#
..####.#...#
..........## #.
..###...######.
##..^##....
##...##...
##..§##..
##@§§##.##
#∩#...##z####
53# #.).#....#
#.. ._.#.##.# ##
####.##z#
#...##.#
###.##.#######
#..##.)...<..
#..÷#.##########


You could see a ynoxinul and an ufetubus (summoned).

Vanquished Creatures
  A troll (D:8)
  Prince Ribbit (D:6)
  Sigmund (D:2)
  A wyvern (D:8)
  Menkaure (D:6)
  3 water moccasins
  3 black bears
  2 ice beasts
  A sky beast (D:7)
  A centaur (D:5)
  A kobold brigand (D:8)
  2 bullfrogs
  A necrophage (D:7)
  2 scorpions
  3 wights (D:8)
  4 howler monkeys
  A hound (D:6)
  2 jellies
  An orc priest (D:3)
  Crazy Yiuf (D:7)
  An iguana (D:5)
  An orc wizard (D:8)
  4 adders
  A white imp (D:5)
  An ufetubus (D:7)
  2 worms
  3 dart slugs
  7 orcs
  2 bats (D:2)
  4 endoplasms
  6 giant cockroaches
  8 goblins
  4 hobgoblins
  8 jackals
  4 quokkas
  7 ball pythons
  A frilled lizard (D:3)
  13 kobolds
  5 rats
115 creatures vanquished.

Vanquished Creatures (others)
  2 plants (D:4)
2 creatures vanquished.

Grand Total: 117 creatures vanquished

Notes
Turn   | Place    | Note
-------+----------+-------------------------------------------
     0 | D:1      | raistware the Octopode Conjurer began the quest for the
                  | Orb.
     0 | D:1      | Reached XP level 1. HP: 11/11 MP: 3/3
   163 | D:1      | Reached XP level 2. HP: 17/17 MP: 3/5
   849 | D:2      | Noticed Sigmund
  1003 | D:2      | Reached XP level 3. HP: 21/21 MP: 3/7
  1656 | D:3      | Reached skill level 1 in Fighting
  1869 | D:3      | Reached XP level 4. HP: 28/28 MP: 5/9
  2616 | D:3      | Learned a level 4 spell: Iskenderun's Mystic Blast
  2641 | D:3      | Found a snail-covered altar of Cheibriados.
  2664 | D:3      | Found a faded altar of an unknown god.
  2991 | D:4      | Reached skill level 1 in Translocations
  2991 | D:4      | Reached XP level 5. HP: 34/34 MP: 5/11
  3140 | D:4      | Found Yrupaj's Jewellery Emporium.
  3837 | D:5      | Entered Level 5 of the Dungeon
  3855 | D:5      | Noticed a black bear
  3874 | D:5      | Killed a black bear
  3875 | D:5      | Reached XP level 6. HP: 14/39 MP: 2/12
  4118 | D:5      | Reached skill level 5 in Conjurations
  4186 | D:5      | Noticed an ice beast
  4652 | D:5      | Killed an ice beast
  4653 | D:5      | Reached skill level 5 in Spellcasting
  4653 | D:5      | Reached XP level 7. HP: 9/45 MP: 4/14
  5665 | D:6      | Noticed Prince Ribbit
  6063 | D:6      | Killed Prince Ribbit
  6064 | D:6      | Reached XP level 8. HP: 50/50 MP: 6/17
  6511 | D:6      | Reached skill level 1 in Fire Magic
  6793 | D:7      | Noticed Menkaure
  7038 | D:2      | Killed Sigmund
  7441 | D:6      | Killed Menkaure
  7873 | D:7      | Reached XP level 9. HP: 37/54 MP: 3/20
  8012 | D:7      | Found a staircase to the Ecumenical Temple.
  8021 | Temple   | Entered the Ecumenical Temple
  8021 | Temple   | Found a transporter.
  8021 | Temple   | Found a transporter.
  8023 | Temple   | Found a transporter.
  8023 | Temple   | Found a transporter.
  8146 | D:7      | Found a sparkling altar of Nemelex Xobeh.
  8315 | D:7      | Reached skill level 1 in Ice Magic
  8402 | D:7      | Found a runed translucent door.
  8403 | D:7      | Noticed Crazy Yiuf
  8409 | D:7      | Killed Crazy Yiuf
  8974 | D:8      | Reached skill level 1 in Staves
  8974 | D:8      | Reached skill level 1 in Evocations
  9205 | D:8      | Found an iron altar of Okawaru.
  9744 | D:8      | Noticed a troll
  9781 | D:8      | Killed a troll
  9893 | D:8      | Found a bloodstained altar of Trog.
  9965 | D:8      | Killed from afar by a ynoxinul

Illustrated notes

Levels and vault maps discovered:
D:1:      dpeg_arrival_concentric_ovals, layout_basic, kennysheep_pointless_box
D:2:      layout_basic, minmay_tetromino_i4, uniq_sigmund
D:3:      layout_loops_ring, kennysheep_slug_shrine,
          dreamdust_ecumenical_altar_statues
D:4:      layout_loops_ring, serial_shops, nicolae_inconvenience_store,
          serial_forest, infiniplex_forest_end_3, infiniplex_forest_end_2,
          infiniplex_forest_straight_1, infiniplex_forest_lined_2,
          infiniplex_forest_lined_room_2, infiniplex_forest_clump_curved,
          infiniplex_forest_zigzag_2
D:5:      layout_layer_cave, minmay_misc_feat_hallway
D:6:      layout_basic, uniq_prince_ribbit1
D:7:      layout_rooms, nemelex_altar_shiori, minmay_temple_entry_arrows,
          uniq_menkaure, uniq_crazy_yiuf_cottage
D:8:      layout_loops_ring, nzn_overflow_gifts_of_might_and_magic,
          marbit_many_paths
Temple:   hellmonk_temple_divided_pantheon

Skill      XL: |  1  2  3  4  5  6  7  8  9 |
---------------+----------------------------+-----
Spellcasting   | 3 4 5 6 7 8 |  8.8
Fighting       | 1 2 |  2.0
Translocations | 1 2 |  2.0
Conjurations   | 5 6 7 8 |  8.0
Fire Magic     | 2 |  2.0
Ice Magic      | 2 |  2.0
Stealth        | 3 |  3.0
Staves         | 2 |  2.0
Evocations     | 2 |  2.0
Dodging        | 3 |  3.0

Action                   |  1- 3 |  4- 6 |  7- 9 || total
-------------------------+-------+-------+-------++-------
Melee: Unarmed           |     2 |       |       ||     2
       Tentacles         |     2 |     8 |    15 ||    25
       Staff             |    17 |    20 |    43 ||    80
       Constrict         |     4 |     6 |    11 ||    21
       Punch             |       |     1 |     1 ||     2
 Cast: Magic Dart        |    51 |    97 |   146 ||   294
       Iskenderun's Myst |       |     4 |    30 ||    34
Evoke: Wand              |       |       |     3 ||     3
  Use: Potion            |       |     1 |     4 ||     5
 Stab: Sleeping          |     1 |       |       ||     1
Armor: Skin              |     1 |     2 |     7 ||    10
Dodge: Dodged            |    11 |    35 |    60 ||   106
